[Event "FIDE World School-ch O-11 2025"]
[Site "Vrnjacka Banja"]
[Date "2025.03.24"]
[Round "5.2"]
[White "Zhauynbay, Alimzhan"]
[Black "Larion, Iustin"]
[Result "1/2-1/2"]
[Annotator "TA"]
[ECO "B12"]
[WhiteElo "1927"]
[BlackElo "1919"]
[PlyCount "51"]
[EventDate "2025.03.19"]
[EventType "swiss"]
[EventCountry "SRB"]
[SourceTitle "playchess.com"]
[Source "ChessBase"]
[SourceQuality "1"]
[TimeControl "5400+30"]

1. e4 c6 2. d4 d5 3. e5 c5 4. dxc5 e6 5. a3 Bxc5 6. b4 {[%emt 0:00:05] B12: Caro-Kann: Advance Variation.} Be7 7. Nf3 a5 8. b5 {[%emt 0:00:09] The position is equal.} Nd7 9. c4 dxc4 10. Nbd2 Nb6 (10... Nxe5 $11 11. Bb2 (11. Nxe5 Qd4 $11) 11... Nxf3+ 12. gxf3 Bf6) 11. Bxc4 $16 Nh6 $146 (11... Nxc4 12. Nxc4 Qxd1+ 13. Kxd1 Bc5 14. Ke2 Ne7 15. Be3 Bxe3 16. Nd6+ Kf8 17. fxe3 Nd5 {1-0 Waller,D (2110)-Hagesaether,N (1973) Cambridge op 2nd 2024 (7)}) 12. O-O Nf5 13. Bb2 O-O 14. a4 Bd7 (14... Bb4 $14) 15. Bb3 Bb4 16. Ne4 Rc8 17. Rc1 {[%emt 0:10:37] White is more active.} Rxc1 18. Qxc1 Nd5 19. Bxd5 ({Better is} 19. Rd1 $16) 19... exd5 $11 20. Nc5 Bc8 21. Rd1 Qc7 22. Nd3 (22. Rxd5 $2 {too greedy.} Ne7 23. Rd6 (23. b6 $2 Qc6 $19) 23... Qxc5 $19 (23... Bxc5 $2 24. Rd2 $19)) 22... Qc4 23. Nxb4 axb4 24. Qd2 Be6 25. Rc1 Qb3 26. Qc2 {[%emt 0:04:46] Weighted Error Value: White=0.13 (very precise) /Black=0.18 (very precise)   Mistake:       	White=1     	Black=2      Inaccurate:     	White=1     	Black=3      OK:         	White=9     	Black=6      Best:        	White=2     	---} 1/2-1/2

[Event "FIDE World School-ch O-11 2025"]
[Site "Vrnjacka Banja"]
[Date "2025.03.24"]
[Round "5.3"]
[White "Lishoy Gengis Paratazham, Dildarav"]
[Black "Kiringoda, Thehas Rithmitha"]
[Result "1/2-1/2"]
[Annotator "TA"]
[ECO "B12"]
[WhiteElo "2071"]
[BlackElo "1868"]
[PlyCount "63"]
[EventDate "2025.03.19"]
[EventType "swiss"]
[EventCountry "SRB"]
[SourceTitle "playchess.com"]
[Source "ChessBase"]
[SourceQuality "1"]
[TimeControl "5400+30"]

1. e4 c6 2. d4 d5 3. e5 Bf5 4. Nf3 e6 5. Be2 Nd7 6. O-O Ne7 7. c3 c5 8. dxc5 Nc6 {[%emt 0:07:57] B12: Caro-Kann: Advance Variation.} 9. Nd4 Bxb1 10. Rxb1 {[%emt 0:00:42] And now b4 would win.} Bxc5 {[%emt 0:00:47] White is slightly better.} 11. f4 O-O 12. Kh1 Qe7 13. a3 $146 (13. Bf3 Bb6 14. Re1 Nxd4 15. cxd4 f5 16. exf6 Qxf6 17. Be3 Nb8 18. f5 Qxf5 19. Bg4 {½-½ Adarsh,T (2368)-Neuman,P (2426) Olomouc GM 25th 2024 (3)}) 13... Rad8 (13... Bb6 $14) 14. Bg4 (14. b4 $16 Bb6 15. Nxc6 bxc6 16. c4) 14... Bb6 $14 15. b4 Rfe8 16. Qd3 Nf8 (16... Rc8 $11) 17. Nb5 {[%emt 0:08:31] White is much more active.} Ng6 18. Bh5 Rf8 (18... f6 $11) 19. Bxg6 (19. a4 {with more complications.} f6 20. a5 a6 21. Nd4) 19... hxg6 20. Bd2 (20. a4 $1 $14) 20... a6 21. Nd4 Rc8 (21... Nxd4 $1 $15 22. cxd4 Rc8) 22. b5 (22. Nf3 $14 Qe8 23. b5 axb5 24. Qxb5) 22... Nxd4 $15 23. cxd4 a5 24. Rbc1 {[%emt 0:00:35] Prevents Rc4.} Qd7 (24... Rc4 $17 {aiming for ...Ra4.} 25. Rxc4 dxc4 26. Qxc4 Qxa3) 25. a4 {[%emt 0:00:45] [#]} Rc4 $1 26. Rxc4 dxc4 27. Qxc4 Rc8 $1 28. Qd3 Qxd4 (28... Qd5 $1 $15 29. Be3 Rc4) 29. Qxd4 $11 {[%emt 0:00:26] The position is equal.} Bxd4 30. Bxa5 Rc4 31. Rb1 Rxa4 32. Bc7 {Weighted Error Value: White=0.23 (precise) /Black=0.21 (precise)   Mistake:       	White=3     	Black=6      Inaccurate:     	White=3     	---        OK:         	White=5     	Black=8      Strong:       	---       	Black=1      Brilliant:      	---       	Black=1} 1/2-1/2

[Event "FIDE World School-ch O-11 2025"]
[Site "Vrnjacka Banja"]
[Date "2025.03.24"]
[Round "5.4"]
[White "Adamovic, Nikola"]
[Black "Zabelin, Platon"]
[Result "0-1"]
[Annotator "TA"]
[ECO "B12"]
[WhiteElo "1996"]
[BlackElo "1831"]
[PlyCount "146"]
[EventDate "2025.03.19"]
[EventType "swiss"]
[EventCountry "SRB"]
[SourceTitle "playchess.com"]
[Source "ChessBase"]
[SourceQuality "1"]
[TimeControl "5400+30"]

1. e4 c6 2. d4 d5 3. e5 Bf5 4. h4 h5 5. c4 e6 6. Nc3 Ne7 7. Nge2 {[%emt 0:00:00] 7.Nge2 is better than 7.Bg5. B12: Caro-Kann: Advance Variation.} Nd7 8. cxd5 cxd5 9. Ng3 {[%emt 0:00:00][%cal Oc1g5] The position is equal.} Bg6 10. Bd3 Bxd3 11. Qxd3 Nc6 12. Bg5 Be7 13. f4 $146 (13. Bxe7 Qxe7 14. O-O-O O-O-O 15. Kb1 Nb6 16. f4 g6 17. Nf1 Kb8 18. Ne3 a6 19. Ne2 {½-½ Nunn,J (2615)-Seirawan,Y (2625) Donner Memorial 1995 (10)}) 13... Bxg5 14. hxg5 g6 15. Nb5 Qa5+ 16. Kf2 Qb6 17. Nd6+ Ke7 $1 18. Ne2 (18. Rhc1 $15) 18... Ncxe5 $19 19. Nf5+ (19. fxe5 $142 Nxe5 20. Qd2) 19... gxf5 20. fxe5 Nxe5 (20... Qxb2 $2 21. Rhb1 $18) 21. Qa3+ Kd7 22. Qa4+ Qc6 23. Qb3 Ng4+ 24. Kf3 Qb6 25. Qa4+ Ke7 26. Qa3+ Qd6 27. Qb3 b6 28. Nf4 Rac8 29. g6 $2 (29. Rac1 {keeps fighting.}) 29... Nf6 30. Qa4 a5 31. Rac1 Qb4 $2 (31... Rhg8 $19 {is more deadly. And now ...Rc4 would win.} 32. Rxc8 Rxc8 33. gxf7 Kxf7) 32. Qxb4+ $17 axb4 33. g7 $2 (33. Rhe1 $17) 33... Rhg8 $19 34. Rxc8 Rxc8 35. Nxh5 Nxh5 36. Rxh5 {[%emt 0:00:01][%mdl 4096] [#] Endgame and Rh8 should not be overlooked. KR-KR. Black is a pawn up.} Rg8 37. Rh8 Rxg7 38. Rb8 Rg4 39. Rxb6 Rxd4 40. Ke3 Re4+ 41. Kd3 Rg4 42. Ke3 Kf6 ({Not} 42... Rxg2 43. Rxb4 e5 44. Kf3 $19) 43. Rb7 (43. Kf3 $142) 43... Ke5 44. Rb6 Re4+ 45. Kf3 Rc4 46. Ke3 f4+ 47. Kf3 Kf5 48. Rb5 f6 49. g3 fxg3 50. Kxg3 Rd4 51. Kf3 Ke5 52. Rb8 Rh4 53. Kg3 Re4 54. Kf3 Rc4 55. Rb6 Kf5 56. Rb5 e5 57. Ke3 Rd4 58. Rb6 Rh4 59. Kf3 {[%emt 0:00:18] [#]} b3 $1 60. axb3 Rh2 61. Ke3 Rxb2 62. b4 Rb3+ 63. Kd2 d4 64. Kc2 Rc3+ 65. Kd2 Rh3 66. Ra6 Ke4 67. Rxf6 Rh2+ {[%emt 0:00:04] Black mates.} 68. Kc1 Ke3 69. Ra6 d3 70. b5 Rh1+ 71. Kb2 d2 72. Rd6 d1=Q 73. Rxd1 Rxd1 {[%emt 0:00:02] Weighted Error Value: White=0.56/Black=0.34  Loses game:     	White=1     	---        Missed win:     	---       	Black=1      Mistake:       	White=4     	---        Inaccurate:     	White=9     	Black=2      OK:         	White=10    	Black=17     Best:        	White=1     	Black=3      Strong:       	---       	Black=1} 0-1

[Event "FIDE World School-ch O-11 2025"]
[Site "Vrnjacka Banja"]
[Date "2025.03.24"]
[Round "5.5"]
[White "Tulegen, Ramazan"]
[Black "Colovic, Vuk"]
[Result "1-0"]
[Annotator "TA"]
[ECO "B81"]
[WhiteElo "1973"]
[BlackElo "1738"]
[PlyCount "53"]
[EventDate "2025.03.19"]
[EventType "swiss"]
[EventCountry "SRB"]
[SourceTitle "playchess.com"]
[Source "ChessBase"]
[SourceQuality "1"]
[TimeControl "5400+30"]

1. e4 c5 2. Nf3 e6 3. d4 cxd4 4. Nxd4 Nc6 5. Nc3 d6 6. g4 Be7 7. Be3 a6 8. Rg1 Nf6 9. g5 Nd7 10. Qd2 {[%emt 0:04:30] White has more active pieces. The black rooks are passive.} Nde5 {[%emt 0:06:10] ...Nxd4 is the strong threat. B81: Sicilian Scheveningen: Keres Attack.} 11. Be2 Nxd4 $146 (11... Qa5 12. O-O-O Bd7 13. f4 Ng6 14. Kb1 b5 15. Bf3 Rb8 16. f5 Nge5 17. fxe6 fxe6 18. Bh5+ {1-0 Saez,D (1793)-Rodriguez,J (1700) Moron Philidor CC 13th 2017 (7.13)}) 12. Bxd4 O-O $1 {[%emt 0:03:41] White is slightly better.} 13. f4 Nc6 14. Be3 b5 15. Bf3 $36 {[%emt 0:06:01][%mdl 2048] White is pushing.} Bb7 16. O-O-O Rc8 (16... Qc7 $11) 17. Kb1 (17. Qf2 $14) 17... Qa5 {[%emt 0:04:26] [#]} (17... Na5 $11 {remains equal.}) 18. Bh1 (18. Qf2 $1 $16 {Bb6 is the strong threat.} Qc7 19. a3) 18... Rc7 $2 {[%emt 0:16:36][%mdl 8192] [#] Loses the game.} (18... Qc7 $11) 19. Qf2 $1 $18 Qb4 20. Bb6 Na5 $2 (20... Rd7 21. a3 Qc4) 21. a3 {[%emt 0:00:16] White is clearly winning.} ({Worse is} 21. Bxc7 Nc4 $11) 21... Qc4 22. Bxa5 Rcc8 23. Qd4 Qc6 24. f5 e5 25. Qd3 g6 26. Nd5 Bd8 27. Bxd8 {[%emt 0:00:07] Weighted Error Value: White=0.22 (precise) /Black=0.94  Loses game:     	---       	Black=1      Mistake:       	White=2     	Black=3      Inaccurate:     	White=1     	Black=1      OK:         	White=5     	Black=5      Best:        	White=1     	---        Strong:       	White=1     	Black=1} 1-0